 Dungeon Crawl Stone Soup version 0.28-a0-1624-g820543e53a (webtiles) character file.

Game seed: 11286629693430817431

66 HallandMoats the Vandal (level 4, 0/38 HPs)
             Began as a Ghoul Hunter on Jan 24, 2022.
             Was a Plaything of Xom.
             Slain by a rat (1 damage)
             ... on level 3 of the Dungeon.
             The game lasted 00:02:05 (1719 turns).

HallandMoats the Vandal (Ghoul Hunter)              Turns: 1719, Time: 00:02:06

Health: 0/38       AC:  3    Str: 15    XL:     4   Next: 15%
Magic:  3/3        EV: 12    Int:  6    God:    Xom [*.....]
Gold:   80         SH:  0    Dex: 11    Spells: 3/3 levels left

rFire   . . .      SeeInvis .   a - +1 hunting sling
rCold   + . .      Faith    .   (no shield)
rNeg    + + +      Spirit   .   c - +0 leather armour
rPois   ∞          Reflect  .   (no helmet)
rElec   .          Harm     .   (no cloak)
rCorr   .          Rampage  .   (no gloves)
Will    .....                   (no boots)
Stlth   +.........              (no amulet)
HPRegen 0.00/turn               (no ring)
MPRegen 0.08/turn               (no ring)

@: confused, inhibited regen
A: claws 1, cold resistance 1, negative energy resistance 3, inhibited
regeneration, torment resistance 2
a: Renounce Religion


You were on level 3 of the Dungeon.
You worshipped Xom.
You were a special plaything of Xom.
You visited 1 branch of the dungeon, and saw 3 of its levels.

You collected 80 gold pieces.

Inventory:

Hand Weapons
 a - a +1 hunting sling (weapon)
 b - a +0 short sword
Missiles
 d - 40 sling bullets (quivered ammo)
 e - 54 stones
Armour
 c - a +0 leather armour (worn)
Scrolls
 g - a scroll of identify {unknown}
 h - a scroll of amnesia {unknown}
 j - a scroll of fear {unknown}
 k - a scroll of noise {unknown}
 l - a scroll of brand weapon {unknown}
 m - a scroll of teleportation {unknown}
Potions
 f - a potion of heal wounds {unknown}
 i - 3 potions of curing {unknown}


   Skills:
 * Level 3.2 Fighting
 * Level 4.1 Slings
 + Level 1.0 Armour
 + Level 2.3 Dodging
 - Level 1.1 Stealth


You had 3 spell levels left.
You didn't know any spells.
Your spell library contained the following spells:

 Spells                   Type           Power      Damage    Failure   Level
 Gell's Gravitas          Tloc           0%         N/A       88%         3
 Teleport Other           Tloc           0%         N/A       88%         3
 Dispersal                Tloc           0%         N/A       100%        6


Dungeon Overview and Level Annotations

Branches:
Dungeon (3/15)

Altars:
Xom

Shops:
D:1 *

Annotations:
D:3 Sigmund


Innate Abilities, Weirdness & Mutations

You thrive by killing the living.
You are immune to poison.
You have sharp fingernails.
Your flesh is cold resistant. (rC+)
You are immune to negative energy. (rN+++)
You do not regenerate when monsters are visible.
You are immune to unholy pain and torment.


Message History

You shoot a sling bullet. The sling bullet hits Sigmund!
Sigmund is almost dead.
Sigmund hits you from afar with a +0 scythe.
Fire: 43 sling bullets
Press: ? - help, Q - select action, (/) - cycle Shift-Dir - straight line, f/p - Sigmund
Aim: Sigmund, wielding a +0 scythe, wearing a +0 robe and carrying a wand of polymorph (3) (almost dead, 57% to hit)
You shoot a sling bullet. The sling bullet hits the gnoll!
The gnoll is almost dead.
The rat bites you. The gnoll closely misses you.
A gnoll comes into view. It is wielding a +0 flail.
Sigmund zaps a wand.
You resist with significant effort.
Fire: 42 sling bullets
Press: ? - help, Q - select action, (/) - cycle Shift-Dir - straight line, f/p - Sigmund
Aim: Sigmund, wielding a +0 scythe, wearing a +0 robe and carrying a wand of polymorph (2) (almost dead, 57% to hit)
You shoot a sling bullet. The sling bullet hits the gnoll!
You kill the gnoll!
The rat barely misses you.
Sigmund points at you and mumbles some strange words.
You are confused.
You hear a shout!
You have reached level 4!
Non-targeted confused fire: 41 sling bullets
Press: ? - help, Q - select action, (/) - cycle Dir - look around, f - activate You shoot a sling bullet.
The sling bullet hits the gnoll.
The gnoll is lightly wounded.
The rat bites you. The gnoll hits you but does no damage.
Sigmund hits you from afar with a +0 scythe!
* * * LOW HITPOINT WARNING * * *
Non-targeted confused fire: 40 sling bullets
Press: ? - help, Q - select action, (/) - cycle Dir - look around, f - activate
Okay, then.
You're too confused to move!
The rat bites you.
* * * LOW HITPOINT WARNING * * *
The gnoll closely misses you.
Sigmund mumbles some strange words.
Sigmund flickers and vanishes!
Deactivating autopickup; reactivate with Ctrl-A.
You bump into the rock wall.
The rat closely misses you.
You bump into the rock wall.
The rat bites you.
You die...

#.. #.# #
#.# .###
#.. ...
#.# ..#
#.##.##
####.#{((#
#..>@rg#
#.##.#☼..#
#.##......
... ......
##.# ..#.P
..#


#PPP≈ ..# ≈≈♣♣ ..# ♣♣ You could see a gnoll and a rat.

Vanquished Creatures
  A gnoll (D:3)
  2 adders (D:2)
  A worm (D:2)
  2 dart slugs (D:1)
  5 bats
  3 endoplasms
  4 giant cockroaches
  3 goblins
  2 hobgoblins
  A quokka (D:1)
  2 ball pythons
  A frilled lizard (D:2)
  2 kobolds (D:1)
  A rat (D:2)
30 creatures vanquished.

Vanquished Creatures (others)
  A plant (D:3)
1 creature vanquished.

Grand Total: 31 creatures vanquished

Notes
Turn   | Place    | Note
-------+----------+-------------------------------------------
     0 | D:1      | HallandMoats the Ghoul Hunter began the quest for the Orb.
     0 | D:1      | Reached XP level 1. HP: 17/17 MP: 0/0
    13 | D:1      | Found Diepp's General Store.
    25 | D:1      | Noticed an eye of devastation
    27 | D:1      | Found a faded altar of an unknown god.
    29 | D:1      | Noticed an eye of devastation
    29 | D:1      | Noticed a golden eye
    29 | D:1      | Noticed an eye of devastation
    71 | D:1      | Prayed at the altar of an unknown god.
    71 | D:1      | Became a worshipper of Xom of Chaos
   208 | D:1      | XOM: silly message
   214 | D:1      | Reached XP level 2. HP: 25/25 MP: 1/1
   220 | D:1      | XOM: silly message
   585 | D:1      | XOM: silly message
   879 | D:2      | Reached XP level 3. HP: 30/30 MP: 2/2
  1007 | D:2      | Reached skill level 4 in Slings
  1289 | D:2      | Reached skill level 1 in Armour
  1577 | D:2      | XOM: silly message
  1700 | D:3      | Noticed a scorpion
  1705 | D:3      | Noticed Sigmund
  1705 | D:3      | XOM: 1-stop teleportation journey
  1707 | D:3      | XOM: smoke on damage
  1715 | D:3      | Reached XP level 4. HP: 18/38 MP: 3/3
  1716 | D:3      | HP: 1/38 [rat (3)]
  1719 | D:3      | Slain by a rat

Illustrated notes

Levels and vault maps discovered:
D:1:      minmay_arrival_semitransparent, layout_basic, serial_shops, shop,
          hellmonk_ecumenical_altar_watching_god
D:2:      layout_basic, grunt_decor_mini_mirrors
D:3:      layout_loops_ring, serial_bayou, serial_bayou_shore_a,
          serial_bayou_pond_a, serial_bayou_ford_a, serial_bayou_pond_c,
          corexii_shack, minmay_misc_feat_square, uniq_ijyb, uniq_sigmund

Skill      XL: |  1  2  3 |
---------------+----------+-----
Dodging        | 2 |  2.3
Fighting       | 3 |  3.2
Slings         | 4 |  4.1
Armour         | 1 |  1.0
Stealth        | |  1.1

Action                   |  1- 3 |  4- 6 || total
-------------------------+-------+-------++-------
 Fire: Hunting sling     |    97 |     1 ||    98
Armor: Leather armour    |     6 |     1 ||     7
Dodge: Dodged            |    25 |     2 ||    27

Table legend: (Time is in decaauts)
 A = Elapsed time spent in this place.
 B = Non-inter-level travel time spent in this place.
 C = Inter-level travel time spent in this place.
 D = Time resting spent in this place.
 E = Time spent auto-exploring this place.
 F = Levels seen in this place.
 G = Mean time per level.
                   A        B        C        D        E       F      G
               +--------+--------+--------+--------+--------+-----+--------+
         Total |   1719 |   1663 |     56 |      0 |   1447 |   3 |  573.0 |
       Dungeon |   1719 |   1663 |     56 |      0 |   1447 |   3 |  573.0 |
               +--------+--------+--------+--------+--------+-----+--------+

Top non-repeatable levels by time:
     D:2: 867 daAuts
     D:1: 821 daAuts
     D:3: 29 daAuts
